 Dungeon Crawl Stone Soup version 0.30-a0-748-ge6a52f7cba (webtiles) character file.

Game seed: 4613880471725060173

147 Newt the Trooper (level 5, -5/34 HPs)
             Began as a Kobold Hunter on Feb 8, 2023.
             Slain by an orc
             ... wielding a +0 trident
              (6 damage)
             ... on level 3 of the Dungeon.
             The game lasted 00:01:57 (1201 turns).

Newt the Trooper (Kobold Hunter)                    Turns: 1201, Time: 00:01:57

Health: -5/34      AC:  3    Str:  9    XL:     5   Next: 55%
Magic:  5/5        EV: 14    Int: 10    God:
Gold:   100        SH:  0    Dex: 20    Spells: 4/4 levels left

rFire   . . .      SeeInvis .    a - +0 shortbow
rCold   . . .      Faith    .    (shield currently unavailable)
rNeg    . . .      Spirit   .    c - +0 leather armour
rPois   .          Reflect  .    (no helmet)
rElec   .          Harm     .    (no cloak)
rCorr   .          Rampage  .    (no gloves)
Will    .....      Rage     3%   (no boots)
Stlth   +++                      (no amulet)
HPRegen 0.25/turn                d - ring of wizardry
MPRegen 0.09/turn                (no ring)

@: studying Fighting, unable to drink
A: small, no large weapons, nightstalker 3, berserk 1, frail 1, sense
surroundings 1, inability to drink after injury 1
a: no special abilities


You were on level 3 of the Dungeon.
You visited 1 branch of the dungeon, and saw 4 of its levels.

You collected 100 gold pieces.

Inventory:

Hand Weapons
 a - a +0 shortbow (weapon)
Armour
 c - a +0 leather armour (worn)
Jewellery
 d - a ring of wizardry (left hand)
Scrolls
 b - a scroll of immolation
Potions
 h - a potion of resistance {unknown}
 j - a potion of might {unknown}


   Skills:
 + Level 7.4 Fighting
 - Level 5.3 Ranged Weapons
 - Level 2.4 Dodging
 - Level 1.3 Stealth


You had 4 spell levels left.
You didn't know any spells.
Your spell library contained the following spells:

 Spells                   Type           Power      Damage    Failure   Level
 Frozen Ramparts          Ice            0%         1d1       52%         3
 Ice Form                 Ice/Tmut       0%         N/A       88%         4
 Summon Ice Beast         Ice/Summ       0%         N/A       88%         4


Dungeon Overview and Level Annotations

Branches:
Dungeon (4/15)
 Temple: D:4-7

Altars:

Annotations:
D:4 Duvessa


Innate Abilities, Weirdness & Mutations

You are small and have problems with some larger weapons.
You are completely attuned to the shadows.
You sometimes lose your temper in combat.
You are frail. (-10% HP)
You passively map a small area around you.
You occasionally lose the ability to drink potions when taking damage.


Message History

The hobgoblin closely misses you. The quokka closely misses you.
Fire: a) +0 shortbow
Press: ? - help, Q - select action Shift-Dir - straight line, f/p - ufetubus
Aim: an ufetubus (lightly wounded, 52% to hit)
You shoot an arrow. The arrow closely misses the ufetubus.
The ufetubus hits you.
* * * LOW HITPOINT WARNING * * *
The ufetubus closely misses you. The hobgoblin closely misses you.
The quokka misses you.
A goblin comes into view. It is wielding a +0 dagger.
The ufetubus hits you.
* * * LOW HITPOINT WARNING * * *
The ufetubus completely misses you.
The hobgoblin hits you but does no damage.
The quokka closely misses you. The hobgoblin barely misses you.
The ufetubus closely misses you. x2
It was a potion of curing.
You feel better. The quokka closely misses you.
The ufetubus misses you. x2; The hobgoblin barely misses you.
A goblin comes into view. It is wielding a +0 club.
The hobgoblin barely misses you. The goblin hits you with a +0 club.
* * * LOW HITPOINT WARNING * * *
The ufetubus misses you. x2; The quokka barely misses you.
The hobgoblin misses you. The hobgoblin closely misses you.
The ufetubus barely misses you. The ufetubus misses you.
You climb upwards.
The orc hits you with a +0 hand axe.
You feel threatened and lose the ability to drink potions!
* * * LOW HITPOINT WARNING * * *
The orc hits you but does no damage.
There is a stone staircase leading down here.
Unknown command.
The ufetubus attacks as you move away! The ufetubus hits you.
* * * LOW HITPOINT WARNING * * *
The ufetubus hits you.
* * * LOW HITPOINT WARNING * * *
The quokka misses you. The orc misses you. The hobgoblin misses you.
The goblin hits you but does no damage. The quokka attacks as you move away!
The quokka misses you. The goblin attacks as you move away!
The goblin misses you.
The orc hits you from afar with a +0 trident.
You die...

* , ,
.#.#.#.#.#.#.#.#.
*
*.#.#.#.#.#.#.#.#.
*
#.#.#.#.#.#.#b#.*
, ,#.#.#.#.#.#.#.*
, #.#.#.#+#.#.#.*
,, *,* ,
#......o..#.* ,
,.#...g....## , *
.....ro...# *
*.#.[@gg5..# , **
#....o...., ,
,,#..####.## ,
.... .. ** * *
*.##. , ,, * **
*,,,, , , , , , ,
,


You could see 3 orcs, an ufetubus, a quokka, 2 hobgoblins and a goblin.

Vanquished Creatures
  Blork the orc (D:4)
  A hound (D:3)
  An adder (D:3)
  A dart slug (D:1)
  3 ball pythons
  4 endoplasms
  5 goblins
  5 hobgoblins
  2 jackals (D:4)
  A quokka (D:1)
  5 bats
  2 frilled lizards (D:1)
  3 kobolds
  4 rats (D:1)
38 creatures vanquished.

Notes
Turn   | Place    | Note
-------+----------+-------------------------------------------
     0 | D:1      | Newt the Kobold Hunter began the quest for the Orb.
     0 | D:1      | Reached XP level 1. HP: 12/12 MP: 1/1
    90 | D:1      | Reached XP level 2. HP: 10/18 MP: 2/2
   111 | D:1      | Reached skill level 3 in Fighting
   411 | D:1      | Reached XP level 3. HP: 23/23 MP: 3/3
   929 | D:2      | Identified a scroll of acquirement
   929 | D:2      | Acquired a manual of Fighting
   937 | D:2      | Reached skill level 4 in Fighting
   967 | D:2      | You fall into a shaft and drop 2 floors!
   968 | D:4      | Gained mutation: You have hidden genetic defects. [potion
                  | of mutation]
   968 | D:4      | Gained mutation: You are partially covered in iridescent
                  | scales. (AC +2) [potion of mutation]
   968 | D:4      | Gained mutation: You passively dampen the noise of your
                  | surroundings. [potion of mutation]
   969 | D:4      | Lost mutation: You are partially covered in iridescent
                  | scales. (AC +2) [potion of mutation]
   969 | D:4      | Lost mutation: You passively dampen the noise of your
                  | surroundings. [potion of mutation]
   969 | D:4      | Gained mutation: You are frail. (-10% HP) [potion of
                  | mutation]
   969 | D:4      | Gained mutation: You passively map a small area around you.
                  | [potion of mutation]
   979 | D:4      | Noticed Blork the orc
   986 | D:4      | Killed Blork the orc
   987 | D:4      | Reached skill level 6 in Fighting
   987 | D:4      | Reached XP level 4. HP: 18/28 MP: 4/4
   987 | D:4      | Reached XP level 5. HP: 22/33 MP: 5/5
   990 | D:4      | Gained mutation: You occasionally lose the ability to drink
                  | potions when taking damage. [hidden defects]
  1076 | D:4      | Noticed Duvessa
  1078 | D:4      | Noticed an ogre
  1117 | D:3      | Reached skill level 7 in Fighting
  1137 | D:4      | Gained mutation: You sometimes lose your temper in combat.
                  | [hidden defects]
  1137 | D:4      | Lost mutation: You have hidden genetic defects. [hidden
                  | defects expressed]
  1196 | D:4      | HP: 1/34 [ufetubus (2)]
  1201 | D:3      | Slain by an orc

Illustrated notes

Levels and vault maps discovered:
D:1:      evilmike_arrival_plus, layout_basic, hangedman_decor_diamond_cutter,
          chequers_serial_rivers_room_a, supply_closet_lemuel,
          nicolae_concentric_dashed_squares_wild
D:2:      layout_rooms, serial_shops, nicolae_diamond_shop,
          dreamdust_ecumenical_altar_hidden_monk_grotto, uniq_natasha
D:3:      layout_basic, old_standard_altar
D:4:      layout_rooms, minmay_temple_entry_crystal_x, uniq_robin,
          uniq_blork_the_orc, uniq_duvessa

Skill      XL: |  1  2  3  4  5 |
---------------+----------------+-----
Fighting       | 3 6 7 |  7.4
Ranged Weapons | |  5.3
Dodging        | |  2.4
Stealth        | |  1.3

Action                     |  1- 3 |  4- 6 || total
---------------------------+-------+-------++-------
   Fire: Shortbow          |    64 |    48 ||   112
    Use: Potion            |     2 |     2 ||     4
         Scroll            |     2 |       ||     2
 Armour: Leather armour    |     7 |    18 ||    25
  Dodge: Dodged            |    16 |   103 ||   119

Table legend: (Time is in decaauts)
 A = Elapsed time spent in this place.
 B = Non-inter-level travel time spent in this place.
 C = Inter-level travel time spent in this place.
 D = Time resting spent in this place.
 E = Time spent auto-exploring this place.
 F = Levels seen in this place.
 G = Mean time per level.
                   A        B        C        D        E       F      G
               +--------+--------+--------+--------+--------+-----+--------+
         Total |   1216 |   1206 |     10 |     48 |    915 |   4 |  304.0 |
       Dungeon |   1216 |   1206 |     10 |     48 |    915 |   4 |  304.0 |
               +--------+--------+--------+--------+--------+-----+--------+

Top non-repeatable levels by time:
     D:1: 942 daAuts
     D:4: 192 daAuts
     D:3: 41 daAuts
     D:2: 40 daAuts
